 Dungeon Crawl Stone Soup version 0.22.1-1-ga44c0e56f4 (webtiles) character file.

100 Mjsee792 the Shield-Bearer (level 4, -2/41 HPs)
             Began as a Minotaur Fighter on Oct 14, 2018.
             Killed by divine providence
             ... invoked by an orc priest
              (11 damage)
             ... on level 3 of the Dungeon.
             The game lasted 00:02:22 (1539 turns).

Mjsee792 the Shield-Bearer (Minotaur Fighter)       Turns: 1539, Time: 00:02:23

Health: -2/41      AC:  7    Str: 21    XL:     4   Next: 47%
Magic:  3/3        EV:  7    Int:  5    God:
Gold:   122        SH:  9    Dex: 10    Spells: 3/3 levels left

rFire    . . .     SeeInvis .   a - +0 long sword
rCold    . . .     Gourm    .   c - +0 shield
rNeg     . . .     Faith    .   b - +0 scale mail
rPois    .         Spirit   .   (helmet restricted)
rElec    .         Reflect  .   (no cloak)
rCorr    .         Harm     .   (no gloves)
MR       .....                  (no boots)
Stlth    ..........             o - amulet of regeneration
HPRegen  0.13/turn              q - ring of flight
MPRegen  0.08/turn              (no ring)

@: no status effects
A: retaliatory headbutt, horns 2
a: Evoke Flight


You were on level 3 of the Dungeon.
You were not hungry.

You visited 1 branch of the dungeon, and saw 3 of its levels.

You collected 122 gold pieces.

Inventory:

Hand Weapons
 a - a +0 long sword (weapon)
Armour
 b - a +0 scale mail (worn)
 c - a +0 shield (worn)
Jewellery
 o - an amulet of regeneration (around neck)
 q - a ring of flight (left hand)
Scrolls
 e - a scroll of blinking {unknown}
 h - a scroll of enchant armour {unknown}
 j - 5 scrolls of teleportation {unknown}
 n - 2 scrolls of noise {unknown}
 p - a scroll of remove curse {unknown}
Potions
 d - 2 potions of might
 g - a potion of ambrosia {unknown}
 i - 2 potions of curing {unknown}
 k - 2 potions of degeneration {unknown}
 l - a potion of heal wounds {unknown}
 m - a potion of haste {unknown}
Comestibles
 f - 4 rations


   Skills:
 + Level 4.6 Fighting
 - Level 2.4 Long Blades
 + Level 4.7 Armour
 + Level 4.8 Shields


You had 3 spell levels left.
You didn't know any spells.
Your spell library was empty.

Dungeon Overview and Level Annotations

Branches:
Dungeon (3/15)

Altars:
Hepliaklqana


Innate Abilities, Weirdness & Mutations

You reflexively headbutt those who attack you in melee.
You have a pair of horns on your head.


Message History

The orc priest looks braver for a moment.
You are too injured to fight recklessly!
You are too injured to fight recklessly!
You are too injured to fight recklessly!
You are too injured to fight recklessly!
You are too injured to fight recklessly!
You are too injured to fight recklessly!
You are too injured to fight recklessly!
You hit the orc priest. Your headbutt misses the orc priest.
The orc priest is lightly wounded.
You block the orc priest's attack. You block the orc's attack.
The orc priest invokes the aid of Beogh against you.
Beogh smites you!
* * * LOW HITPOINT WARNING * * *
You completely miss the orc priest. You headbutt the orc priest.
The orc priest is heavily wounded.
You block the orc's attack.
The orc priest calls down the wrath of Beogh upon you.
Beogh smites you!
You die...

...........###.#
######.#..#
#.#..########
#.#..........
#.#.#########
#.#........
#.#########.
#.###o......
#...@o....#
#.###.....# ###
######


You could see an orc priest and an orc.

Vanquished Creatures
  4 adders
  A worm (D:3)
  4 leopard geckos
  6 orcs (D:3)
  A ball python (D:2)
  5 bats (D:1)
  2 giant cockroaches
  7 goblins
  5 hobgoblins
  2 jackals (D:3)
  A kobold (D:1)
  A quokka (D:2)
  3 frilled lizards
  5 rats
47 creatures vanquished.

Notes
Turn   | Place    | Note
-------+----------+-------------------------------------------
     0 | D:1      | Mjsee792 the Minotaur Fighter began the quest for the Orb.
     0 | D:1      | Reached XP level 1. HP: 19/19 MP: 0/0
   272 | D:1      | Reached XP level 2. HP: 27/27 MP: 1/1
   818 | D:1      | Reached XP level 3. HP: 33/33 MP: 2/2
  1053 | D:2      | Found a hazy altar of Hepliaklqana.
  1348 | D:3      | Reached XP level 4. HP: 36/41 MP: 3/3
  1539 | D:3      | Killed from afar by an orc priest

Skill      XL: |  1  2 |
---------------+-------+-----
Fighting       | 4 |  4.6
Armour         | 4 |  4.7
Shields        | 4 |  4.8
Long Blades    | |  2.4

Action                   |  1- 3 |  4- 6 || total
-------------------------+-------+-------++-------
Melee: Long sword        |    74 |    37 ||   111
       Headbutt          |    12 |     4 ||    16
  Eat: Chunk             |     1 |     1 ||     2
Armor: Scale mail        |    31 |    16 ||    47
Dodge: Dodged            |    12 |    17 ||    29
Block: Shield            |    47 |    34 ||    81
       Rpst.: Long sword |     1 |     6 ||     7
